 Dungeon Crawl Stone Soup version 0.30-a0-585-g93115170b9 (webtiles) character file.

Game seed: 15938780451884781602

1669532 NoOffense the Imperceptible (level 27, 247/247 HPs)
             Began as a Naga Delver on Dec 31, 2022.
             Was the Champion of Cheibriados.
             Escaped with the Orb
             ... and 3 runes on Jan 2, 2023!
             The game lasted 18:33:10 (76294 turns).

NoOffense the Imperceptible (Naga Delver)          Turns: 76294, Time: 18:33:11

Health: 247/247    AC: 24    Str: 34    XL:     27
Magic:  44/44      EV: 34    Int: 45    God:    Cheibriados [******]
Gold:   4488       SH: 35    Dex: 43    Spells: 13/60 levels left

rFire   + + +      SeeInvis +    j - +7 dagger of Vavin {heavy, +Blink rF+ rC+ Str+4}
rCold   + + +      Faith    .    Q - +8 tower shield {AC+3}
rNeg    + . .      Spirit   .    E - +1 leather armour of Context {rF+ Regen+ Dex+7}
rPois   +          Reflect  .    s - +2 helmet
rElec   +          Harm     .    d - scarf {rC+ rF+}
rCorr   .          Rampage  .    B - +2 pair of gloves
Will    +++++                    (no barding)
Stlth   ++++                     O - amulet of Goseigump {rElec Will++ Regen+ Dex+2}
HPRegen 2.21/turn                q - ring of Neif {rC+ rN+ Will+ Int+4 Dex+3}
MPRegen 0.29/turn                w - ring of Opseskeh {rPois EV+5 Int+5 Stlth+}

@: very slow
A: AC +9, large, see invisible, deformed body, poison resistance, slowness 2,
spit poison 2, naga tail 2, iridescent scales 1, deterioration 1, mutation
resistance 1
0: Orb of Zot
}: 3/15 runes: decaying, silver, gossamer
a: Breathe Poison Gas, Renounce Religion, Evoke Blink, Bend Time, Temporal
Distortion, Slouch, Step From Time


You escaped.
You worshipped Cheibriados.
Cheibriados was exalted by your worship.
You visited 13 branches of the dungeon, and saw 56 of its levels.
You visited the Abyss 1 time.
You also visited: Ice Cave and Wizlab.

You collected 8219 gold pieces.
You spent 3731 gold pieces at shops.

Inventory:

Hand Weapons
 j - the +7 dagger of Vavin (weapon) {heavy, +Blink rF+ rC+ Str+4}
   (You found it on level 1 of the Lair of Beasts)

   It deals dramatically more damage, but attacks with it are much slower.
   Str:       It affects your strength (+4).
   rF:        It protects you from fire.
   rC:        It protects you from cold.
   +Blink:    It lets you blink.
 M - the +5 demon whip "Spellbinder" {antimagic, Will+}
   (You took it off a skeletal warrior on level 3 of the Crypt)

   It reduces the magical energy of the wielder, and disrupts the spells and
   magical abilities of those it strikes.
   Natural abilities and divine invocations are not affected.
   It unleashes wild and unpredictable magical effects upon striking a wizard or
   a creature with magical abilities.
   Will:      It increases your willpower.
Missiles
 n - 12 silver javelins
 F - 7 silver boomerangs (quivered)
 K - 10 throwing nets
Armour
 b - the +1 robe of Vines {NoPotionHeal Regen++++}
   (You found it on level 2 of the Depths)

   Its wearer cannot be healed by potions.
   Regen:     It increases your rate of health regeneration.
 d - a scarf of resistance (worn)
 s - a +2 helmet (worn)
 u - a scarf of repulsion
 B - a +2 pair of gloves (worn)
 E - the +1 leather armour of Context (worn) {rF+ Regen+ Dex+7}
   (You found it on level 12 of the Dungeon)

   Dex:       It affects your dexterity (+7).
   rF:        It protects you from fire.
   Regen:     It increases your rate of health regeneration.
 N - +0 gold dragon scales
 Q - a +8 tower shield of protection (worn)
Jewellery
 i - the ring "Postighu" {rN++ Will+ Str-3}
   (You took it off an ogre mage on level 5 of the Vaults)

   [ring of willpower]

   Str:       It affects your strength (-3).
   rN:        It greatly protects you from negative energy.
   Will:      It increases your willpower.
 m - a +4 ring of protection
 q - the ring of Neif (left hand) {rC+ rN+ Will+ Int+4 Dex+3}
   (You found it on level 3 of the Crypt)

   [ring of positive energy]

   Int:       It affects your intelligence (+4).
   Dex:       It affects your dexterity (+3).
   rC:        It protects you from cold.
   rN:        It protects you from negative energy.
   Will:      It increases your willpower.
 w - the ring of Opseskeh (right hand) {rPois EV+5 Int+5 Stlth+}
   (You found it in a wizard's laboratory)

   [ring of evasion]

   EV:        It affects your evasion (+5).
   Int:       It affects your intelligence (+5).
   rPois:     It protects you from poison.
   Stlth:     It makes you more stealthy.
 G - the ring of Ufi Eff {rN+ Str+6 Int+4}
   (You found it on level 3 of the Crypt)

   [ring of positive energy]

   Str:       It affects your strength (+6).
   Int:       It affects your intelligence (+4).
   rN:        It protects you from negative energy.
 O - the amulet of Goseigump (around neck) {rElec Will++ Regen+ Dex+2}
   (You took it off a deep elf zephyrmancer on level 3 of the Elven Halls)

   [amulet of regeneration]

   Dex:       It affects your dexterity (+2).
   rElec:     It insulates you from electricity.
   Regen:     It increases your rate of health regeneration.
   Will:      It greatly increases your willpower.
 T - the ring of Pitocro {Fly rN++ rCorr Str-4 Int+3}
   (You found it on level 5 of the Vaults)

   [ring of flight]

   Str:       It affects your strength (-4).
   Int:       It affects your intelligence (+3).
   rN:        It greatly protects you from negative energy.
   Fly:       It grants you flight.
   rCorr:     It protects you from acid and corrosion.
Wands
 a - a wand of polymorph (34)
 g - a wand of digging (36)
 L - a wand of iceblast (54)
 P - a wand of charming (47)
 W - a wand of acid (39)
Scrolls
 c - 13 scrolls of fog
 e - 10 scrolls of fear
 h - 15 scrolls of teleportation
 x - 5 scrolls of magic mapping
 D - 3 scrolls of silence
 J - 2 scrolls of poison
 S - 3 scrolls of vulnerability
 Y - 6 scrolls of blinking
 Z - 10 scrolls of immolation
Potions
 f - 6 potions of haste
 l - 9 potions of brilliance
 o - 8 potions of heal wounds
 p - 5 potions of magic
 r - 4 potions of cancellation
 t - 5 potions of invisibility
 v - 18 potions of curing
 z - 13 potions of lignification
 A - 10 potions of mutation
 C - 5 potions of might
 U - 9 potions of resistance
Miscellaneous
 k - a lightning rod (4/4)
 y - a box of beasts
 H - a phantom mirror
 R - a phial of floods
 V - a condenser vane
 X - a tin of tremorstones (2/2)


   Skills:
 + Level 14.7 Fighting
 - Level 18.0 Short Blades
 - Level 3.0 Axes
 - Level 9.0 Armour
 - Level 14.0 Dodging
 - Level 25.0 Stealth
 - Level 15.0 Shields
 * Level 17.4 Spellcasting
 - Level 10.0 Conjurations
 - Level 6.0 Hexes
 - Level 19.0 Necromancy
 - Level 3.0 Translocations
 - Level 16.0 Transmutations
 - Level 5.0 Ice Magic
 - Level 6.0 Air Magic
 - Level 16.0 Earth Magic
 - Level 7.0 Poison Magic
 - Level 15.0 Invocations
 - Level 15.0 Evocations


You had 13 spell levels left.
You knew the following spells:

 Your Spells              Type           Power      Damage    Failure   Level
a - Searing Ray           Conj           100%       2d8       1%          2
b - Mephitic Cloud        Conj/Pois/Air  83%        N/A       1%          3
c - Stone Arrow           Conj/Erth      100%       3d13      1%          3
d - Sandblast             Erth           100%       2d20      0%          1
e - Lee's Rapid Deconstr  Erth           55%        3d26*     1%          5
f - Passwall              Tmut/Erth      92%        N/A       0%          2
g - Borgnjor's Vile Clut  Necr/Erth      57%        N/A       1%          5
h - Statue Form           Tmut/Erth      74%        N/A       1%          6
i - Iron Shot             Conj/Erth      51%        9d10      1%          6
j - Apportation           Tloc           100%       N/A       1%          1
k - Yara's Violent Unrav  Hex/Tmut       47%        3d18      1%          5
l - Silence               Hex/Air        37%        N/A       4%          5
m - Vhi's Electric Charg  Tloc/Air       100%       N/A       1%          3

Your spell library contained the following spells:

 Spells                   Type           Power      Damage    Failure   Level
 Kiss of Death            Conj/Necr      100%       2d13      0%          1
 Sting                    Tmut/Pois      100%       1d8       0%          1
 Sublimation of Blood     Necr           100%       N/A       0%          2
 Wereblood                Tmut           100%       N/A       0%          2
 Vampiric Draining        Necr           100%       2d13      0%          3
 Animate Dead             Necr           100%       N/A       0%          4
 Dispel Undead            Necr           100%       3d31      0%          4
 Foxfire                  Conj/Fire      100%       2x1d9     1%          1
 Freeze                   Ice            100%       1d10      1%          1
 Magic Dart               Conj           100%       1d8       1%          1
 Shock                    Conj/Air       100%       1d9       1%          1
 Slow                     Hex            100%       N/A       1%          1
 Summon Small Mammal      Summ           100%       N/A       1%          1
 Cigotuvi's Dreadful Rot  Necr/Pois/Air  100%       N/A       1%          2
 Poisonous Vapours        Pois/Air       100%       N/A       1%          2
 Static Discharge         Conj/Air       100%       2-7/arc   1%          2
 Confusing Touch          Hex            75%        N/A       1%          3
 Frozen Ramparts          Ice            100%       1d16      1%          3
 Gell's Gravitas          Tloc           60%        N/A       1%          3
 Hailstorm                Conj/Ice       82%        3d17      1%          3
 Ignite Poison            Fire/Tmut/Pois 83%        N/A       1%          3
 Kindle Blastsparks       Fire/Tloc/Air  100%       2d18      1%          3
 Lesser Beckoning         Tloc           100%       N/A       1%          3
 Portal Projectile        Hex/Tloc       100%       N/A       1%          3
 Summon Guardian Golem    Hex/Summ       60%        N/A       1%          3
 Teleport Other           Tloc           60%        N/A       1%          3
 Tukima's Dance           Hex            75%        N/A       1%          3
 Anguish                  Hex/Necr       50%        N/A       1%          4
 Cause Fear               Hex            37%        N/A       1%          4
 Fulminant Prism          Conj/Hex       42%        3d19      1%          4
 Leda's Liquefaction      Hex/Erth       47%        N/A       1%          4
 Olgreb's Toxic Radiance  Pois           80%        N/A       1%          4
 Petrify                  Tmut/Erth      100%       N/A       1%          4
 Alistair's Intoxication  Tmut/Pois      64%        N/A       1%          5
 Arcjolt                  Conj/Air       42%        1d52      1%          5
 Blade Hands              Tmut           55%        N/A       1%          5
 Iskenderun's Battlesphe  Conj           92%        2d14      1%          5
 Lightning Bolt           Conj/Air       42%        1d61      1%          5
 Death Channel            Necr           59%        N/A       1%          6
 Dragon Form              Tmut           55%        N/A       1%          7
 Freezing Cloud           Conj/Ice/Air   40%        6-21      2%          5
 Call Canine Familiar     Summ           39%        N/A       4%          3
 Manifold Assault         Tloc           60%        N/A       4%          4
 Passage of Golubria      Tloc           60%        N/A       4%          4
 Summon Lightning Spire   Summ/Air       60%        N/A       4%          4
 Borgnjor's Revivificati  Necr           59%        N/A       4%          8
 Infestation              Necr           59%        N/A       4%          8
 Summon Ice Beast         Ice/Summ       57%        N/A       6%          4
 Fireball                 Conj/Fire      35%        3d15      6%          5
 Necromutation            Tmut/Necr      57%        N/A       9%          8
 Conjure Ball Lightning   Conj/Air       42%        3x3d15    10%         6
 Storm Form               Tmut/Air       47%        N/A       16%         7
 Orb of Destruction       Conj           46%        9d12      24%         7
 Haunt                    Necr/Summ      45%        N/A       28%         7
 Starburst                Conj/Fire      35%        6d10      32%         6
 Lehudib's Crystal Spear  Conj/Erth      51%        10d12     47%         8
 Death's Door             Necr           59%        N/A       56%         9
 Dispersal                Tloc           30%        N/A       58%         6
 Enfeeble                 Hex            37%        N/A       77%         7
 Spellforged Servitor     Conj/Summ      35%        N/A       88%         7
 Malign Gateway           Summ/Tloc      25%        N/A       100%        7
 Summon Hydra             Summ           19%        N/A       100%        7
 Disjunction              Tloc           30%        N/A       100%        8
 Summon Horrible Things   Summ           19%        N/A       100%        8
 Dragon's Call            Summ           19%        N/A       100%        9


Dungeon Overview and Level Annotations

Branches:
Dungeon (15/15)            Temple (1/1) D:7            Lair (5/5) D:9
  Swamp (4/4) Lair:2       Spider (4/4) Lair:3        Slime (4/5) Lair:5
    Orc (2/2) D:12            Elf (3/3) Orc:2        Vaults (5/5) D:13
  Crypt (3/3) Vaults:2       Tomb (1/3) Crypt:3      Depths (4/4) D:15
    Zot (5/5) Depths:4      IceCv (visited)          WizLab (visited)

Altars:
Ashenzari
Cheibriados
Dithmenos
Elyvilon
Fedhas
Gozag
Hepliaklqana
Kikubaaqudgha
Makhleb
Nemelex Xobeh
Okawaru
Qazlal
Ru
Sif Muna
Trog
Uskayaw
Vehumet
Wu Jian
Xom
Yredelemnul
Zin
The Shining One
Jiyva

Shops:
D:9 *   D:15 *   Orc:1 :   Orc:2 *([=   Elf:2 *   Elf:3 **?[   Vaults:1 !**!
Vaults:5 =   Depths:2 :!

Portals:
Hell: Depths:1 Depths:2 Depths:3 Depths:4
Abyss: Crypt:2 Depths:1 Depths:3
Pandemonium: Depths:2 Depths:3
Ziggurat: Depths:2
Trove: Depths:3 (give 6 scrolls of blinking)

Annotations:
Spider:3 Asterion
Crypt:1 1 transporter
Zot:3 36 runed doors
Zot:4 2 transporters, Kyph's ghost, legendary MiBe
Zot:5 1 runed translucent door, atomjack's ghost, master DsMo


Innate Abilities, Weirdness & Mutations

Your serpentine skin is tough. (AC +9)
You have supernaturally acute eyesight. (SInv)
Armour fits poorly on your strangely shaped body.
Your system is resistant to poisons. (rPois)
You cover ground very slowly.
You can exhale a cloud of poison.
You can use your snake-like lower body to constrict enemies.
You are partially covered in iridescent scales. (AC +2)
Your body sometimes deteriorates upon taking damage.
You are somewhat resistant to further mutation.


Message History

The lorocyproca struggles to escape constriction.
The zombie hands constrict the demonspawn black sun!!
The zombie hands constrict the lorocyproca!!
The demonspawn black sun struggles to escape constriction.
The lorocyproca struggles to escape constriction.
The demonspawn black sun struggles to escape constriction.
The lorocyproca struggles to escape constriction.
The demonspawn black sun struggles to escape constriction.
The lorocyproca struggles to escape constriction.
The zombie hands constrict the demonspawn black sun!!
You kill the demonspawn black sun!
Cheibriados thoroughly appreciates the change of pace.
The zombie hands constrict the lorocyproca!!!
You kill the lorocyproca!
Cheibriados thoroughly appreciates the change of pace.
Press: ? - help, v - describe, . - travel, g - get item
Items here: a +2 demon trident of electrocution; a +0 scale mail.
The floor.
An efreet comes into view.
It is wielding a +3 scimitar of flaming.
The efreet gestures at you.
The fireball explodes!
The fireball engulfs you. You resist.
There is a stone staircase leading up here.
HP restored.
The efreet gestures at you. The bolt of fire misses you.
You climb upwards.
There is a stone staircase leading down here.
There is a stone staircase leading up here.
You climb upwards.
There is a stone staircase leading down here.
Casting: Borgnjor's Vile Clutch (safe; 1% risk of failure)
Confirm with . or Enter, or press ? or * to list all spells.
Aiming: Passwall (safe; 0% risk of failure)
Press: ? - help, Dir - move target A rock wall.
This square is covered in magical glow.
You begin to meditate on the wall.
You continue meditating on the rock. x5
You finish merging with the rock.
There is a staircase leading out of the dungeon here.
You have escaped!

#.###.##.# #...♣ ..#
#.##.# #...♣ ###
#.##.# #...♣ ..#
#.##.# ##...♣♣ #.#
#....###.....♣
..######.##......♣♣
##.......#8..8..8.♣
#.#####.'........♣♣
##.#####.'......@..♣
.........'........♣♣
.#.####..#8..8..8.♣
.#.#.....##.......♣
.#.#....####......♣
.#.###.....##....♣♣
.#......##.##....♣
.#..#..###.##...♣♣
.#......##.##..♣♣


There were no monsters in sight!

Vanquished Creatures
  A pandemonium lord (Depths:4)
  5 dread liches
  5 ancient liches
  Mara (Spider:4)
  4 orbs of fire
  3 Killer Klowns
  Bai Suzhen (Swamp:3)
  Saint Roka (Orc:2)
  The ghost of Ruisamic the Axe Maniac, a veteran MiBe of Trog (Crypt:2)
  5 curse toes
  A caustic shrike (Depths:3)
  Nikola (Swamp:1)
  Jory (Crypt:3)
  A profane servitor (D:8)
  14 golden dragons
  3 bone dragons
  A Tzitzimitl (Depths:1)
  A hellephant (Crypt:2)
  Jorgrun (Swamp:1)
  3 electric golems
  A shard shrike zombie (Crypt:3)
  Cloud Mage (WizLab)
  25 tentacled monstrosities
  26 Orb Guardians
  2 Ice Fiends
  10 quicksilver dragons
  2 titans (Vaults:5)
  5 deep elf blademasters
  A deep elf master archer (Elf:3)
  8 liches
  An Executioner (Crypt:2)
  3 ancient champions
  14 sphinxes
  12 death cobs
  Frances (D:13)
  8 acid blobs
  2 tentacled starspawn (Crypt:2)
  4 thorn hunters (Swamp:4)
  5 tengu reavers
  11 storm dragons
  21 shadow dragons
  4 draconian monks
  Donald (Swamp:3)
  A revenant (Crypt:1)
  5 fenstrider witches
  17 vault wardens
  8 fire giants
  6 rockslimes
  3 draconian knights
  12 frost giants
  3 emperor scorpions (Spider:4)
  7 azure jellies
  The ghost of brujo666 the Warrior, a journeyman MiFi of Makhleb (Orc:2)
  6 deep elf sorcerers
  3 draconian scorchers
  2 balrugs
  Louise (Spider:2)
  10 ironbound preservers
  5 draconian annihilators
  5 ghost moths
  5 spriggan defenders
  3 draconian shifters
  6 deep elf elementalists (Elf:3)
  3 curse skulls
  20 stone giants
  2 ghouls
  2 reapers (Crypt:2)
  2 juggernaut zombies
  A stone giant (shapeshifter) (Crypt:2)
  3 orc warlords
  2 quicksilver oozes
  15 very ugly things
  3 war gargoyles
  A demonspawn blood saint (Depths:2)
  3 draconian stormcallers
  3 broodmothers
  22 vampire knights
  5 deep elf demonologists
  5 ironbound thunderhulks
  4 eleionomae
  8 black draconians
  6 dire elephants
  10 purple draconians
  8 yellow draconians
  9 deep elf annihilators
  2 lorocyprocas
  9 white draconians
  12 green draconians
  A demonspawn black sun (D:3)
  11 red draconians
  Azrael (Elf:1)
  2 bunyips
  10 spark wasps
  3 eidola
  22 ettins
  3 blizzard demons
  A merfolk javelineer (Depths:3)
  A crystal guardian (Vaults:4)
  A mummy priest (Crypt:3)
  2 green deaths
  A fire dragon (shapeshifter) (Vaults:5)
  A quicksilver dragon zombie (Crypt:2)
  Josephine (Lair:5)
  7 deep elf death magi
  14 jiangshi
  18 fire dragons
  5 entropy weavers
  A merfolk impaler (Depths:3)
  A shambling mangrove (Swamp:3)
  6 ice dragons
  13 deep elf high priests
  16 yaktaur captains
  10 great orbs of eyes
  An entropy weaver (shapeshifter) (D:14)
  A peacekeeper (Vaults:4)
  A fenstrider witch zombie (Crypt:3)
  A hell beast (Elf:2)
  A spriggan skeleton (Tomb:1)
  A jorogumo (Spider:3)
  11 ironbound frosthearts
  A radroach (Spider:1)
  30 vault guards
  7 ogre magi
  6 rakshasas
  3 ghost crabs (WizLab)
  28 hydras
  10 spriggan air magi
  The ghost of kaisn the Martial Artist, a journeyman OpTm of Sif Muna (D:8)
  2 catoblepae
  Erica (D:10)
  An Orb Guardian zombie (Crypt:3)
  17 centaur warriors
  33 dancing weapons
  9 deep troll shamans
  18 two-headed ogres
  12 boulder beetles
  2 death knights
  5 alligators
  9 tengu warriors
  7 vampire magi
  9 deep troll earth magi
  A large abomination (Depths:4)
  Urug (D:10)
  5 death yaks
  2 orc high priests
  8 hell knights
  A thrashing horror (Crypt:2)
  2 spriggan berserkers
  Nergalle (Orc:2)
  2 shock serpents (WizLab)
  2 sun demons
  6 soul eaters
  3 shadow wraiths
  22 deep elf knights
  A shock serpent (shapeshifter) (Elf:3)
  28 skeletal warriors
  3 sun moths (Spider:4)
  3 sixfirhies (Swamp:4)
  43 deep trolls
  8 iron trolls
  3 pharaoh ants
  4 goliath frogs
  An anaconda zombie (Crypt:3)
  2 spriggan druids (Swamp:4)
  3 death drakes
  A shadow demon (Depths:1)
  2 glowing orange brains
  A bunyip zombie (Crypt:3)
  4 flayed ghosts
  7 steelbarb worms
  11 orb spiders
  3 swamp dragons
  8 bog bodies
  18 lindwurms
  6 wizards
  35 deep elf pyromancers
  15 deep elf archers
  10 ironbound convokers
  12 harpies
  28 phantasmal warriors
  A broodmother zombie (Crypt:3)
  A golden dragon skeleton (Crypt:1)
  37 deep elf zephyrmancers
  3 necromancers
  A lindwurm (shapeshifter) (D:14)
  15 orc knights
  A tengu skeleton (Vaults:5)
  A frost giant zombie (Crypt:3)
  An oklob plant (Lair:4)
  17 wolf spiders
  6 orc sorcerers
  19 manticores
  3 shining eyes
  3 will-o-the-wisps
  2 stone giant zombies (Crypt:3)
  6 cyclopes
  20 ugly things
  A frost giant skeleton (Crypt:1)
  35 moths of wrath
  2 rust devils
  20 elephants
  A fire giant skeleton (Crypt:1)
  A black mamba (shapeshifter) (D:14)
  16 vault sentinels
  11 torpor snails
  A stone giant skeleton (Vaults:5)
  3 apocalypse crabs (WizLab)
  9 demonic crawlers
  4 black mambas (Lair:5)
  A dire elephant zombie (Crypt:2)
  2 ice statues (IceCv)
  10 cane toads
  10 orange demons
  2 smoke demons
  4 komodo dragons
  Psyche (D:11)
  35 yaktaurs
  7 rime drakes (Lair:5)
  6 freezing wraiths
  4 kobold demonologists
  A komodo dragon (shapeshifter) (D:9)
  4 efreet
  13 guardian mummies
  A black draconian skeleton (Crypt:1)
  A red draconian skeleton (Zot:2)
  2 tengu conjurers
  A purple draconian skeleton (Crypt:1)
  A harpy zombie (Tomb:1)
  2 bloated husks (Swamp:4)
  2 polar bears
  An ancient zyme (Abyss:3)
  A troll (shapeshifter) (Vaults:5)
  6 trolls
  8 tyrant leeches
  3 wind drakes (WizLab)
  A wind drake (shapeshifter) (Vaults:5)
  4 meliai
  2 red devils (D:12)
  A polar bear (shapeshifter) (D:14)
  4 hellwings
  16 tarantellas
  A tengu simulacrum (Vaults:5)
  5 blink frogs (Lair:3)
  20 hornets
  A moth of wrath zombie (Zot:2)
  2 dream sheep (Lair:5)
  2 culicivora zombies
  A dream sheep (shapeshifter) (Vaults:5)
  A snapping turtle (shapeshifter) (Vaults:5)
  6 flying skulls (Crypt:1)
  An ettin zombie (Crypt:3)
  34 jumping spiders
  A jumping spider (shapeshifter) (D:9)
  A satyr skeleton (Crypt:2)
  2 fire dragon zombies
  86 slime creatures
  21 culicivoras
  A human simulacrum (Vaults:5)
  A guardian serpent skeleton (Crypt:1)
  A ynoxinul (D:15)
  9 spriggans
  13 water elementals
  A yak (shapeshifter) (Vaults:5)
  A shadow (D:9)
  13 air elementals
  35 yaks
  16 wraiths
  4 wyverns
  An ushabti (Tomb:1)
  3 chaos spawn
  4 basilisks
  6 fire elementals
  A hog (shapeshifter) (Depths:3)
  2 steam dragons (Lair:5)
  12 golden eyes
  66 redbacks
  10 vampire mosquitoes
  Menkaure (D:7)
  A death yak simulacrum (IceCv)
  A deep troll zombie (Crypt:3)
  A swamp worm (shapeshifter) (Depths:2)
  A warg (Orc:1)
  16 swamp worms
  15 water moccasins
  3 acid dragons
  A small abomination (Depths:4)
  11 hell hounds
  27 orc warriors
  2 ice beasts
  8 black bears
  3 swamp drakes
  9 ogres
  A boggart (shapeshifter) (D:14)
  A phantom (D:7)
  20 wolves
  23 centaurs
  10 kobold brigands
  Blork the orc (D:4)
  12 bullfrogs
  A spectral warg (Orc:2)
  2 gnoll sergeants
  3 earth elementals
  2 cane toad simulacra (IceCv)
  2 scorpions
  A warg zombie (Crypt:2)
  8 wights
  2 spectral ogres (Orc:2)
  A polar bear skeleton (Crypt:1)
  6 killer bees
  An electric eel (Lair:2)
  5 howler monkeys
  A centaur zombie (Crypt:2)
  3 hounds
  Crazy Yiuf (D:3)
  15 orc priests
  2 gnoll boudas
  7 iguanas
  24 orc wizards
  3 spectral orcs (Orc:2)
  6 hell rats
  A wolf simulacrum (IceCv)
  An ogre zombie (Crypt:3)
  A mummy (Tomb:1)
  15 gnolls
  5 adders
  A swamp drake skeleton (Crypt:1)
  2 shadow imps (D:7)
  16 white imps
  An orc simulacrum (Orc:2)
  A worm (D:2)
  A worm (shapeshifter) (D:15)
  4 dart slugs
  60 orcs
  6 bats
  A bat skeleton (Crypt:3)
  5 endoplasms
  4 giant cockroaches
  5 goblins
  4 hobgoblins
  5 jackals
  3 quokkas
  5 ball pythons
  3 frilled lizards
  A jackal zombie (Crypt:2)
  42 kobolds
  4 rats
  A lurking horror (Crypt:2)
2432 creatures vanquished.

Vanquished Creatures (collateral kills)
  A very ugly thing (Vaults:4)
  A yaktaur captain (Vaults:4)
  A yaktaur (Vaults:4)
3 creatures vanquished.

Vanquished Creatures (others)
  A pandemonium lord (Depths:1)
  A draconian knight (Zot:1)
  A fire giant (Depths:3)
  A slime creature (Vaults:4)
  A fire dragon (Elf:2)
  A hydra (Elf:3)
  An ogre mage (Vaults:5)
  A sun demon (Depths:1)
  A pharaoh ant (Spider:3)
  A sixfirhy (Depths:1)
  A deep elf zephyrmancer (Elf:1)
  A lindwurm (Vaults:4)
  2 deep elf pyromancers (Elf:1)
  3 bloated husks
  An air elemental (Elf:3)
  A redback (Spider:2)
  2 foxfires (Swamp:4)
  75 fungi
  A lurking horror (Crypt:2)
  127 plants
  5 starspawn tentacles (Crypt:2)
229 creatures vanquished.

Grand Total: 2664 creatures vanquished

Notes
Turn   | Place    | Note
-------+----------+-------------------------------------------
     0 | D:5      | NoOffense the Naga Delver began the quest for the Orb.
     0 | D:5      | Reached XP level 1. HP: 21/21 MP: 1/1
     3 | D:5      | Found a hazy altar of Hepliaklqana.
     6 | D:5      | Found a stormy altar of Qazlal.
     7 | D:5      | Found a bloodstained altar of Trog.
     7 | D:5      | Found a glowing silver altar of Zin.
   172 | D:5      | Reached XP level 2. HP: 28/28 MP: 2/2
   231 | D:4      | Noticed an ogre
   268 | D:3      | Found a shimmering blue altar of Sif Muna.
   381 | D:2      | Reached XP level 3. HP: 34/34 MP: 3/3
  1366 | D:2      | Reached XP level 4. HP: 38/42 MP: 4/4
  1393 | D:2      | Learned a level 2 spell: Searing Ray
  1752 | D:2      | Reached skill level 8 in Stealth
  2224 | D:3      | Reached skill level 1 in Conjurations
  2224 | D:3      | Reached XP level 5. HP: 49/49 MP: 5/5
  2487 | D:3      | Found a runed translucent door.
  2488 | D:3      | Noticed Crazy Yiuf
  2777 | D:4      | Reached skill level 1 in Spellcasting
  2838 | D:4      | Noticed Blork the orc
  2916 | D:4      | Reached XP level 6. HP: 57/57 MP: 7/7
  2975 | D:4      | Reached skill level 9 in Stealth
  3612 | D:5      | Noticed a black bear
  3621 | D:5      | Killed a black bear
  3642 | D:5      | Reached XP level 7. HP: 49/64 MP: 7/9
  3860 | D:5      | Reached skill level 10 in Stealth
  4273 | D:6      | Learned a level 3 spell: Mephitic Cloud
  5218 | D:7      | Noticed a cyclops
  5385 | D:7      | Reached skill level 5 in Conjurations
  5385 | D:7      | Reached XP level 8. HP: 67/72 MP: 11/13
  5517 | D:7      | Reached skill level 1 in Poison Magic
  5532 | D:7      | Noticed Menkaure
  5536 | D:7      | Found a staircase to the Ecumenical Temple.
  5539 | D:7      | Killed Menkaure
  5573 | Temple   | Entered the Ecumenical Temple
  5616 | Temple   | Became a worshipper of Cheibriados the Contemplative
  6223 | D:6      | Reached skill level 5 in Poison Magic
  6492 | D:6      | Reached skill level 5 in Spellcasting
  6618 | D:4      | Killed Blork the orc
  6619 | D:4      | Reached skill level 1 in Air Magic
  6647 | D:4      | Reached XP level 9. HP: 78/78 MP: 16/16
  6665 | D:4      | Reached * piety under Cheibriados
  6783 | D:3      | Killed Crazy Yiuf
  7914 | D:8      | Found a runed translucent gate.
  7916 | D:8      | Found a runed translucent gate.
  7916 | D:8      | Found an opulent altar of Gozag.
  7918 | D:8      | Found a runed translucent gate.
  7920 | D:8      | Noticed kaisn's ghost (journeyman OpTm)
  7932 | D:8      | Reached ** piety under Cheibriados
  8002 | D:8      | Reached skill level 11 in Stealth
  8072 | D:8      | Noticed a two-headed ogre
  8076 | D:8      | Killed a two-headed ogre
  8077 | D:8      | Reached skill level 5 in Fighting
  8077 | D:8      | Reached skill level 12 in Stealth
  8077 | D:8      | Reached XP level 10. HP: 63/88 MP: 16/19
  8204 | D:9      | Noticed a two-headed ogre
  8286 | D:9      | Reached skill level 1 in Invocations
  8291 | D:9      | Reached *** piety under Cheibriados
  8410 | D:9      | Found Ythiuh's General Store.
  8415 | D:9      | Found Omea's Specific Store.
  8426 | D:9      | Bought a scroll of identify for 24 gold pieces
  8578 | D:9      | Reached skill level 1 in Shields
  8827 | D:9      | Found a staircase to the Lair.
  8941 | D:9      | Found a shadowy altar of Dithmenos.
  8944 | D:9      | Found an ancient bone altar of Kikubaaqudgha.
  8995 | D:9      | Identified the +12 halberd of Famine {flame, Dex+5}
  9483 | D:7      | Killed a cyclops
  9483 | D:7      | Reached **** piety under Cheibriados
  9693 | D:10     | Entered Level 10 of the Dungeon
  9804 | D:10     | Noticed a kobold demonologist
  9814 | D:10     | Killed a kobold demonologist
 10132 | D:10     | Reached ***** piety under Cheibriados
 10145 | D:10     | Reached XP level 11. HP: 94/94 MP: 21/21
 10233 | D:10     | Noticed Urug
 10241 | D:10     | Noticed Erica
 10311 | D:9      | Bought a +1 tower shield of protection for 231 gold pieces
 10415 | D:9      | Reached skill level 5 in Shields
 10419 | D:9      | Upgraded the game from 0.30-a0-576-g89cddaab80 to
                  | 0.30-a0-583-g19bae12e61
 10420 | Lair:1   | Entered Level 1 of the Lair of Beasts
 10694 | Lair:1   | Identified the +7 dagger of Vavin {heavy, +Blink rF+ rC+
                  | Str+4}
 11031 | Lair:1   | Reached skill level 5 in Invocations
 11434 | Lair:2   | Noticed a boulder beetle
 11724 | Lair:2   | Noticed a death yak
 11766 | Lair:2   | Reached skill level 1 in Short Blades
 11944 | Lair:2   | Noticed a bog body
 11952 | Lair:2   | Killed a bog body
 11988 | Lair:2   | Noticed a bog body
 11997 | Lair:2   | Killed a bog body
 12001 | Lair:2   | Noticed a bog body
 12008 | Lair:2   | Killed a bog body
 12081 | Lair:2   | Found a staircase to the Swamp.
 12295 | Lair:2   | Noticed an eight-headed hydra
 12510 | Lair:3   | Reached XP level 12. HP: 103/103 MP: 24/24
 12643 | Lair:3   | Noticed a six-headed hydra
 12667 | Lair:3   | Killed a six-headed hydra
 12704 | Lair:3   | Found a hole to the Spider Nest.
 12793 | Lair:3   | Reached skill level 5 in Short Blades
 13107 | Lair:3   | Reached ****** piety under Cheibriados
 13305 | Lair:3   | Learned a level 3 spell: Stone Arrow
 13616 | Lair:4   | Noticed a four-headed hydra
 13629 | Lair:4   | Killed a four-headed hydra
 13630 | Lair:4   | Reached skill level 13 in Stealth
 13630 | Lair:4   | Reached skill level 1 in Earth Magic
 13723 | Lair:4   | Noticed an eight-headed hydra
 14418 | Lair:4   | Gained mutation: You can use your snake-like lower body to
                  | constrict enemies. [Naga growth]
 14418 | Lair:4   | Reached XP level 13. HP: 109/109 MP: 26/26
 14499 | Lair:4   | Identified the -1 helmet of Xom's Displeasure {Int+2}
 14872 | Lair:5   | Entered Level 5 of the Lair of Beasts
 15030 | Lair:5   | Noticed Josephine
 15038 | Lair:5   | Killed Josephine
 15100 | Lair:5   | Reached skill level 14 in Stealth
 15100 | Lair:5   | Reached skill level 5 in Earth Magic
 15105 | Lair:5   | Learned a level 1 spell: Sandblast
 15303 | Lair:5   | Reached skill level 10 in Shields
 15374 | Lair:5   | Found a runed translucent door.
 15374 | Lair:5   | Found a viscous altar of Jiyva.
 15374 | Lair:5   | Noticed an azure jelly
 15375 | Lair:5   | Noticed an azure jelly
 15375 | Lair:5   | Noticed an azure jelly
 15585 | Lair:5   | Reached skill level 10 in Spellcasting
 15785 | Lair:5   | Reached skill level 15 in Stealth
 15785 | Lair:5   | Reached XP level 14. HP: 105/117 MP: 7/28
 16010 | Lair:5   | Reached skill level 1 in Evocations
 17298 | D:8      | Killed kaisn's ghost
 17573 | D:10     | Killed Urug
 17613 | D:10     | Killed Erica
 17708 | D:11     | Noticed Psyche
 17713 | D:11     | Killed Psyche
 18059 | D:11     | Found a glowing golden altar of the Shining One.
 18650 | D:12     | Found a frozen archway.
 18706 | IceCv    | Entered an ice cave
 18709 | IceCv    | Found a transporter.
 18735 | IceCv    | Found a transporter.
 19005 | D:12     | Identified the +1 leather armour of Context {rF+ Regen+
                  | Dex+7}
 19081 | D:12     | Reached XP level 15. HP: 129/132 MP: 12/29
 19322 | D:12     | Found a runed translucent door.
 19325 | D:12     | Noticed a balrug
 19344 | D:12     | Killed a balrug
 19769 | D:12     | Found a staircase to the Orcish Mines.
 19879 | Orc:1    | Entered Level 1 of the Orcish Mines
 20048 | Orc:1    | Found Roimipru's Self-Improvement Boutique.
 20130 | Orc:2    | Entered Level 2 of the Orcish Mines
 20236 | Orc:2    | Reached skill level 5 in Air Magic
 20261 | Orc:2    | Found a staircase to the Elven Halls.
 20267 | Orc:2    | Noticed Nergalle
 20290 | Orc:2    | Noticed Saint Roka
 20554 | Orc:2    | Killed Nergalle
 20754 | Orc:2    | Killed Saint Roka
 21033 | Orc:2    | Found Fuywir's General Store.
 21066 | Orc:2    | Bought a potion of degeneration for 14 gold pieces
 21066 | Orc:2    | Bought a potion of attraction for 42 gold pieces
 21074 | Orc:2    | Found Jegijis's Antique Armour Shoppe.
 21094 | Orc:2    | Found Irroc's Antique Weapon Shoppe.
 21174 | Orc:2    | Found Egab's Jewellery Shoppe.
 21301 | Orc:2    | Found a runed translucent gate.
 21304 | Orc:2    | Found a runed translucent gate.
 21304 | Orc:2    | Found a runed translucent gate.
 21306 | Orc:2    | Noticed brujo666's ghost (journeyman MiFi)
 21879 | Elf:1    | Entered Level 1 of the Elven Halls
 21886 | Elf:1    | Reached skill level 5 in Evocations
 22324 | D:13     | Found a gate to the Vaults.
 22383 | D:13     | Noticed Frances
 22395 | D:13     | Killed Frances
 22396 | D:13     | Reached skill level 16 in Stealth
 23580 | D:14     | Reached skill level 10 in Short Blades
 24068 | D:15     | Entered Level 15 of the Dungeon
 24153 | D:15     | Reached XP level 16. HP: 140/140 MP: 27/31
 24339 | D:15     | Found Zin's Purification Station.
 24341 | D:15     | Found a glowing silver altar of Zin.
 24988 | D:15     | Found a staircase to the Depths.
 25720 | Orc:2    | Killed brujo666's ghost
 25750 | Orc:2    | Identified the +6 troll leather armour of the Ecumenical
                  | Temple {Rampage Regen+}
 26007 | Swamp:1  | Entered Level 1 of the Swamp
 26015 | Swamp:1  | Reached skill level 17 in Stealth
 26145 | Swamp:1  | Got the Codex of Unstable Confrontation
 26165 | Swamp:1  | Identified the +0 scale mail "Muatybon" {rPois rF- Str+7
                  | Int-4}
 26381 | Swamp:1  | Noticed Jorgrun
 26579 | Swamp:1  | Noticed Nikola
 27046 | Swamp:2  | Learned a level 5 spell: Lee's Rapid Deconstruction
 27131 | Swamp:3  | Noticed a fenstrider witch
 27142 | Swamp:3  | Killed a fenstrider witch
 27262 | Swamp:3  | Noticed Bai Suzhen
 27749 | Swamp:4  | Entered Level 4 of the Swamp
 28067 | Swamp:4  | Noticed Donald
 28098 | Swamp:4  | Noticed a thorn hunter
 28099 | Swamp:4  | Noticed a thorn hunter
 28113 | Swamp:4  | Killed a thorn hunter
 28152 | Swamp:4  | Killed a thorn hunter
 28186 | Swamp:4  | Reached XP level 17. HP: 131/146 MP: 24/33
 28426 | Swamp:3  | Killed Donald
 28670 | Swamp:4  | Reached skill level 10 in Invocations
 29132 | Swamp:4  | Noticed a tentacled monstrosity
 29211 | Swamp:4  | Killed a tentacled monstrosity
 29272 | Swamp:4  | Reached skill level 5 in Dodging
 29437 | Swamp:4  | Got a decaying rune of Zot
 29703 | D:9      | Learned a level 2 spell: Passwall
 29848 | Spider:1 | Entered Level 1 of the Spider Nest
 29956 | Spider:1 | Reached skill level 1 in Transmutations
 30847 | Spider:1 | Learned a level 5 spell: Borgnjor's Vile Clutch
 31321 | Spider:2 | Noticed Louise
 31438 | Spider:2 | Reached XP level 18. HP: 160/160 MP: 28/34
 31472 | Spider:2 | Reached skill level 5 in Transmutations
 31534 | Spider:2 | Killed Louise
 31897 | Spider:2 | Reached skill level 10 in Fighting
 32519 | Spider:3 | Reached skill level 10 in Earth Magic
 32530 | Spider:3 | Noticed Asterion
 32570 | Spider:4 | Entered Level 4 of the Spider Nest
 32643 | Spider:4 | Reached XP level 19. HP: 168/168 MP: 35/35
 32996 | Spider:4 | Noticed Mara
 33001 | Spider:4 | Noticed NoOffense's illusion
 33008 | Spider:4 | Killed Mara
 33009 | Spider:4 | Reached skill level 18 in Stealth
 33035 | Spider:4 | Reached skill level 5 in Necromancy
 33929 | Spider:4 | Got a gossamer rune of Zot
 33956 | Spider:4 | Reached XP level 20. HP: 176/176 MP: 36/36
 34151 | D:9      | Learned a level 6 spell: Statue Form
 34249 | Vaults:1 | Entered Level 1 of the Vaults
 34291 | Vaults:1 | Found Ruac's General Store.
 34629 | Vaults:1 | Found Iqoxkup's Assorted Antiques.
 34632 | Vaults:1 | Found Ovasian's Distillery.
 34643 | Vaults:1 | Bought a potion of cancellation for 144 gold pieces
 35472 | Vaults:1 | Found Urar's Distillery.
 35484 | Vaults:1 | Bought a potion of might for 48 gold pieces
 35484 | Vaults:1 | Bought a potion of berserk rage for 60 gold pieces
 35568 | Vaults:1 | Reached XP level 21. HP: 165/183 MP: 31/37
 36244 | Vaults:2 | Found a staircase to the Crypt.
 36811 | Vaults:3 | Identified the +5 ring mail of Angiot {rElec Will- Dex+7}
 36957 | Abyss:3  | Cast into level 3 of the Abyss (vault warden)
 36995 | Vaults:3 | Escaped the Abyss
 37517 | Vaults:3 | Reached skill level 10 in Necromancy
 37579 | Vaults:3 | Reached skill level 10 in Evocations
 37614 | Vaults:3 | Reached skill level 15 in Shields
 38561 | Vaults:4 | Reached skill level 19 in Stealth
 38870 | Vaults:4 | Reached XP level 22. HP: 168/190 MP: 34/38
 39309 | Orc:1    | Bought a manual of Transmutations for 1440 gold pieces
 39516 | Vaults:4 | Reached skill level 20 in Stealth
 39664 | Vaults:4 | Identified the +4 scale mail of the Trilobite {Str+3 SInv}
 40123 | Vaults:4 | Identified a scroll of acquirement
 40135 | Vaults:4 | Acquired a book of Power
 40144 | Vaults:4 | Learned a level 6 spell: Iron Shot
 40636 | Crypt:1  | Entered Level 1 of the Crypt
 40906 | Crypt:1  | Found a transporter.
 41311 | Crypt:1  | Reached skill level 10 in Transmutations
 41503 | Crypt:1  | Found a transporter.
 41544 | Crypt:1  | Noticed an ancient lich
 41575 | Crypt:1  | Gained mutation: You are clumsy. (Dex -2) [a cacodemon]
 41729 | Crypt:2  | Noticed Ruisamic's ghost (veteran MiBe)
 42042 | Crypt:2  | Found a transporter.
 43037 | Crypt:2  | Found a transporter.
 43072 | Crypt:2  | Found a one-way gate to the infinite horrors of the Abyss.
 43232 | Crypt:3  | Entered Level 3 of the Crypt
 43288 | Crypt:3  | Found a magical portal.
 43293 | WizLab   | Entered The Chambers of the Cloud Mage
 43312 | WizLab   | Paralysed by an air elemental for 1 turns
 43326 | WizLab   | Paralysed by an air elemental for 1 turns
 43334 | WizLab   | Paralysed by an air elemental for 1 turns
 43353 | WizLab   | Paralysed by an air elemental for 1 turns
 43357 | WizLab   | Paralysed by an air elemental for 1 turns
 43362 | WizLab   | Paralysed by an air elemental for 1 turns
 43517 | WizLab   | Paralysed by an air elemental for 1 turns
 43680 | WizLab   | Paralysed by an air elemental for 1 turns
 43683 | WizLab   | Paralysed by an air elemental for 1 turns
 43686 | WizLab   | Paralysed by an air elemental for 1 turns
 43690 | WizLab   | Paralysed by an air elemental for 1 turns
 43692 | WizLab   | Paralysed by an air elemental for 1 turns
 43714 | WizLab   | Noticed Qaerr
 43772 | WizLab   | Killed Qaerr the Cloud Mage
 43802 | WizLab   | Got Sif Muna's Anthology of the Welkin
 43811 | WizLab   | Identified the ring of Opseskeh {rPois EV+5 Int+5 Stlth+}
 43820 | WizLab   | Got Witt's Secrets of the Congregation and Poisoning
 44597 | Crypt:3  | Found a staircase to the Tomb.
 45082 | Crypt:3  | Reached XP level 23. HP: 198/198 MP: 27/40
 45117 | Crypt:3  | Found a basalt altar of Yredelemnul.
 45180 | Crypt:3  | Reached skill level 10 in Conjurations
 45513 | Crypt:3  | Noticed Jory
 45527 | Crypt:3  | Killed Jory
 45662 | Crypt:3  | Reached skill level 1 in Armour
 45788 | Crypt:3  | Identified the ring of Lammophi {rC+ rN+ Will- Dex+3}
 45788 | Crypt:3  | Identified the ring of Ufi Eff {rN+ Str+6 Int+4}
 45788 | Crypt:3  | Identified the ring of Neif {rC+ rN+ Will+ Int+4 Dex+3}
 46516 | Orc:2    | Learned a level 1 spell: Apportation
 46655 | Elf:1    | Paralysed by an air elemental for 1 turns
 46964 | Elf:1    | Paralysed by an air elemental for 1 turns
 47031 | Elf:1    | Reached skill level 15 in Earth Magic
 47205 | Elf:1    | Noticed Azrael
 47241 | Elf:1    | Killed Azrael
 47668 | Elf:2    | Reached skill level 5 in Armour
 47830 | Elf:2    | Found Fyhuomn's General Store.
 47896 | Elf:2    | Found a runed translucent gate.
 47896 | Elf:2    | Found a runed translucent gate.
 47896 | Elf:2    | Found a runed translucent gate.
 48537 | Elf:2    | Reached XP level 24. HP: 208/208 MP: 33/40
 48788 | Elf:3    | Entered Level 3 of the Elven Halls
 48852 | Elf:3    | Found Botinlom's General Store.
 48914 | Elf:3    | Paralysed by an air elemental for 1 turns
 48922 | Elf:3    | Reached skill level 1 in Translocations
 48933 | Elf:3    | Found Dumpuc's General Store.
 48989 | Elf:3    | Found Leucsenk's Magic Scroll Shoppe.
 49097 | Elf:3    | Found Libab's Antique Armour Boutique.
 49104 | Elf:3    | Bought an amethyst-encrusted scale mail for 288 gold pieces
 49104 | Elf:3    | Identified the +5 scale mail "Agiocwig" {Contam Str+8
                  | Dex+6} (You bought it in a shop on level 3 of the Elven
                  | Halls)
 49625 | Elf:3    | Identified the +5 long sword "Woisor" {pain, Stlth+}
 50101 | Elf:3    | Identified the amulet of Goseigump {rElec Will++ Regen+
                  | Dex+2}
 50698 | Elf:3    | Identified the ring "Gigoraosh" {Ice MP+9}
 51490 | Swamp:1  | Killed Jorgrun
 51637 | Swamp:1  | Killed Nikola
 51716 | Swamp:3  | Killed Bai Suzhen
 51888 | Lair:5   | Found a staircase to the Slime Pits.
 51900 | Slime:1  | Entered Level 1 of the Pits of Slime
 53181 | Slime:3  | Gained mutation: You are occasionally teleported next to
                  | monsters. [a shining eye]
 53452 | Slime:3  | Gained mutation: You are frail. (-10% HP) [a shining eye]
 53759 | Slime:4  | Gained mutation: You occasionally lose the ability to drink
                  | potions when taking damage. [a shining eye]
 53761 | Slime:4  | Gained mutation: You are very clumsy. (Dex -4) [a shining
                  | eye]
 53775 | Slime:3  | Reached XP level 25. HP: 198/198 MP: 23/41
 54035 | Slime:2  | Reached skill level 21 in Stealth
 54209 | D:9      | Lost mutation: You are very clumsy. (Dex -4) [potion of
                  | mutation]
 54209 | D:9      | Lost mutation: You are clumsy. (Dex -2) [potion of
                  | mutation]
 54209 | D:9      | Gained mutation: You are partially covered in iridescent
                  | scales. (AC +2) [potion of mutation]
 54209 | D:9      | Gained mutation: Your muscles are strong. (Str +4, Int/Dex
                  | -1) [potion of mutation]
 54210 | D:9      | Lost mutation: Your muscles are strong. (Str +4, Int/Dex
                  | -1) [potion of mutation]
 54210 | D:9      | Lost mutation: You occasionally lose the ability to drink
                  | potions when taking damage. [potion of mutation]
 54210 | D:9      | Lost mutation: You are occasionally teleported next to
                  | monsters. [potion of mutation]
 54210 | D:9      | Gained mutation: You are agile. (Dex +4, Str/Int -1)
                  | [potion of mutation]
 54210 | D:9      | Gained mutation: You are somewhat resistant to further
                  | mutation. [potion of mutation]
 54210 | D:9      | Gained mutation: You occasionally shout uncontrollably at
                  | your foes. [potion of mutation]
 54211 | D:9      | Lost mutation: You are frail. (-10% HP) [potion of
                  | mutation]
 54211 | D:9      | Lost mutation: You are agile. (Dex +4, Str/Int -1) [potion
                  | of mutation]
 54211 | D:9      | Lost mutation: You occasionally shout uncontrollably at
                  | your foes. [potion of mutation]
 54211 | D:9      | Gained mutation: You can exhale a cloud of poison. [potion
                  | of mutation]
 54356 | Depths:1 | Entered Level 1 of the Depths
 55043 | Depths:1 | Reached skill level 15 in Necromancy
 55321 | Depths:1 | Found a gateway to Hell.
 55387 | Depths:1 | Found an iron altar of Okawaru.
 55733 | Depths:2 | Identified the +7 war axe of the Keeping Madman {protect,
                  | Str+6}
 55975 | Depths:2 | Found Vimurch's Book Shop.
 56048 | Depths:2 | Found a one-way gateway to a ziggurat.
 56069 | Depths:2 | Found a one-way gate leading to the halls of Pandemonium.
 56324 | Depths:2 | Reached skill level 22 in Stealth
 56410 | Depths:2 | Found an iron altar of Okawaru.
 56642 | Depths:2 | Found Koon's Distillery.
 57005 | Depths:2 | Reached skill level 15 in Transmutations
 57259 | Depths:2 | Identified the +11 shortbow of the Past {freeze, rF+ Dex+2}
 57427 | Depths:2 | Found the +1 robe of Vines {NoPotionHeal Regen++++}
 57429 | Depths:2 | Identified the +1 ice dragon scales of Mysticism {rF- rC++
                  | Slay-5 SInv Stlth+}
 57464 | Depths:2 | Identified the +3 dire flail of Recklessness {heavy, MP+9
                  | Stlth+}
 57544 | Depths:2 | Upgraded the game from 0.30-a0-583-g19bae12e61 to
                  | 0.30-a0-585-g93115170b9
 58469 | Depths:3 | Found a portal to a secret trove of treasure.
 58517 | Depths:3 | Reached skill level 15 in Spellcasting
 58517 | Depths:3 | Reached XP level 26. HP: 227/229 MP: 34/42
 58823 | Depths:3 | Found a bloodstained altar of Trog.
 59155 | Depths:4 | Entered Level 4 of the Depths
 59520 | Depths:4 | Got the Cyclopedia of Experimentation
 59527 | Depths:4 | Learned a level 5 spell: Yara's Violent Unravelling
 59633 | Depths:4 | Found a blossoming altar of Fedhas.
 59882 | Depths:4 | Reached skill level 15 in Evocations
 60528 | Depths:4 | Found a gate to the Realm of Zot.
 60891 | D:14     | Reached skill level 1 in Hexes
 61057 | D:14     | Identified the ring of Veujib {Slay+4 SInv}
 61060 | D:14     | Got the Guidebook on Called Geology
 62630 | Crypt:2  | Killed Ruisamic's ghost
 62907 | Tomb:1   | Entered Level 1 of the Tomb of the Ancients
 63277 | Tomb:1   | Reached skill level 5 in Hexes
 63307 | Tomb:1   | Noticed a royal mummy
 63653 | Vaults:5 | Entered Level 5 of the Vaults
 63653 | Vaults:5 | Noticed an ancient lich
 63659 | Vaults:5 | Reached XP level 27. HP: 155/241 MP: 28/42
 63663 | Vaults:4 | Killed an ancient lich
 63802 | Vaults:4 | Reached skill level 10 in Dodging
 64566 | Vaults:5 | Noticed a dread lich
 64684 | Vaults:4 | Killed a dread lich
 64852 | Vaults:5 | Identified the +5 shortbow of Kiseoski {freeze, Contam
                  | Int+5}
 65129 | Vaults:5 | Identified the ring "Postighu" {rN++ Will+ Str-3}
 65526 | Vaults:5 | Identified the ring of Pitocro {Fly rN++ rCorr Str-4 Int+3}
 65599 | Vaults:5 | Identified the +0 plate armour "Isakhlom" {rElec rF- rCorr
                  | Dex-4}
 65685 | Vaults:5 | Got a silver rune of Zot
 65951 | Vaults:5 | Learned a level 5 spell: Silence
 66176 | Vaults:5 | Identified the +0 ring mail of Fashionability {rElec Dex+3}
 66283 | Vaults:5 | Found Furphopn's Jewellery Boutique.
 66839 | Zot:1    | Entered Level 1 of the Realm of Zot
 67330 | Zot:1    | Reached skill level 1 in Ice Magic
 67766 | Zot:1    | Noticed an orb of fire
 67766 | Zot:1    | You fall into a shaft and drop 1 floor!
 68119 | Zot:1    | Learned a level 3 spell: Vhi's Electric Charge
 68524 | Zot:1    | Reached skill level 5 in Ice Magic
 68832 | Zot:2    | Noticed an orb of fire
 68843 | Zot:2    | Killed an orb of fire
 69018 | Zot:2    | Noticed an ancient lich
 69293 | Orc:1    | Bought a manual of Short Blades for 1440 gold pieces
 69929 | Zot:2    | Killed an ancient lich
 69930 | Zot:2    | Reached skill level 15 in Invocations
 70641 | Zot:3    | Reached skill level 15 in Short Blades
 70980 | Zot:3    | Found a huge runed gate.
 70980 | Zot:3    | Found a huge runed gate.
 70980 | Zot:3    | Found a huge runed gate.
 70980 | Zot:3    | Found a huge runed gate.
 70980 | Zot:3    | Found a huge runed gate.
 70980 | Zot:3    | Found a huge runed gate.
 70980 | Zot:3    | Found a huge runed gate.
 70980 | Zot:3    | Found a huge runed gate.
 70984 | Zot:3    | Found a huge runed gate.
 70985 | Zot:3    | Found a huge runed gate.
 70986 | Zot:3    | Found a huge runed gate.
 70986 | Zot:3    | Found a huge runed gate.
 71045 | Zot:3    | Found a huge runed gate.
 71045 | Zot:3    | Found a huge runed gate.
 71045 | Zot:3    | Found a huge runed gate.
 71046 | Zot:3    | Found a huge runed gate.
 71048 | Zot:3    | Found a huge runed gate.
 71049 | Zot:3    | Found a huge runed gate.
 71050 | Zot:3    | Found a huge runed gate.
 71050 | Zot:3    | Found a huge runed gate.
 71050 | Zot:3    | Found a huge runed gate.
 71054 | Zot:3    | Found a huge runed gate.
 71054 | Zot:3    | Found a huge runed gate.
 71054 | Zot:3    | Found a huge runed gate.
 71054 | Zot:3    | Found a huge runed gate.
 71054 | Zot:3    | Found a huge runed gate.
 71057 | Zot:3    | Found a huge runed gate.
 71058 | Zot:3    | Found a huge runed gate.
 71059 | Zot:3    | Found a huge runed gate.
 71060 | Zot:3    | Found a huge runed gate.
 71206 | Zot:3    | Found a huge runed gate.
 71206 | Zot:3    | Found a huge runed gate.
 71206 | Zot:3    | Found a huge runed gate.
 71258 | Zot:3    | Found a huge runed gate.
 71500 | Zot:3    | Found a huge runed gate.
 71502 | Zot:3    | Found a huge runed gate.
 72254 | Zot:4    | Reached skill level 23 in Stealth
 72770 | Zot:4    | Reached skill level 24 in Stealth
 73097 | Zot:4    | Found a transporter.
 73104 | Zot:4    | Found a transporter.
 73124 | Zot:4    | Noticed Kyph's ghost (legendary MiBe)
 73141 | Zot:5    | Entered Level 5 of the Realm of Zot
 73547 | Zot:5    | Reached skill level 25 in Stealth
 73642 | Zot:5    | Noticed an ancient lich
 73753 | Zot:5    | Found a runed translucent door.
 73820 | Zot:5    | Noticed atomjack's ghost (master DsMo)
 73950 | Zot:5    | Noticed a dread lich
 73961 | Zot:5    | Killed a dread lich
 74011 | Zot:5    | Noticed an orb of fire
 74063 | Zot:5    | Noticed an orb of fire
 74097 | Zot:5    | Killed an orb of fire
 74110 | Zot:5    | Killed an orb of fire
 74384 | Zot:5    | Noticed a dread lich
 74397 | Zot:5    | Noticed an ancient lich
 74407 | Zot:5    | Killed an ancient lich
 74594 | Zot:5    | Noticed an orb of fire
 74617 | Zot:5    | Gained mutation: Your body sometimes deteriorates upon
                  | taking damage. [an orb of fire]
 74626 | Zot:5    | Killed an orb of fire
 74641 | Zot:5    | Noticed a dread lich
 75025 | Zot:5    | Noticed an ancient lich
 75037 | Zot:5    | Killed an ancient lich
 75512 | Zot:5    | Killed a dread lich
 75521 | Zot:5    | Noticed a dread lich
 75530 | Zot:5    | Killed a dread lich
 75553 | Zot:5    | Killed a dread lich
 75577 | Zot:5    | Killed an ancient lich
 75729 | Zot:5    | Got the Orb of Zot
 75832 | Depths:4 | Noticed Votwud the pandemonium lord
 75853 | Depths:4 | Killed Votwud the pandemonium lord
 75913 | Depths:1 | Noticed Gainum the pandemonium lord
 75922 | Depths:1 | Killed Gainum the pandemonium lord
 76158 | D:10     | Noticed Domuul the pandemonium lord
 76294 | D:$      | Escaped with the Orb!

Illustrated notes

Levels and vault maps discovered:
D:1:      kennysheep_arrival_forest, layout_basic
D:2:      layout_basic, minmay_misc_feat_plants
D:3:      layout_loops_ring, lemuel_crystal_altar, uniq_crazy_yiuf_cottage
D:4:      layout_basic, serial_curves, eino_curves_04, eino_curves_02,
          uniq_blork_the_orc
D:5:      layout_basic, grunt_temple_overflow_open
D:6:      layout_gridville
D:7:      layout_basic, temple_hall, uniq_menkaure
D:8:      layout_gridville, ebering_ghost_gozag
D:9:      minmay_bloctagon, layout_loops_ring, nicolae_overflow_squiral,
          david_lair_shrubbed, nicolae_specific_store
D:10:     layout_loops_ring, uniq_urug, uniq_erica
D:11:     layout_basic, tso_altar, uniq_psyche
D:12:     dreamdust_dug_too_deep, layout_rooms, orc_0_dummy,
          portal_ice_cave_entry_imps, minmay_beelzebubs_servants
D:13:     layout_irregular_city, erik_vaults_1, uniq_frances
D:14:     minmay_the_grid_triangle_9x9_line_8_mashed
          [minmay_the_grid_triangle_9x9_steps,
          minmay_the_grid_triangle_9x9_checkered,
          minmay_the_grid_triangle_9x9_odd_lines,
          minmay_the_grid_triangle_9x9_swiss_cheese,
          minmay_the_grid_triangle_9x9_cache,
          minmay_the_grid_triangle_9x9_alien,
          minmay_the_grid_triangle_9x9_longest,
          minmay_the_grid_triangle_9x9_prize_center], layout_long_grid,
          nicolae_titane
D:15:     grunt_enter_depths_snipers, layout_loops_cross, abandoned_shop,
          zin_purify
Temple:   jpeg_temple_clearing
Lair:1:   layout_cave_pods, beast_lair_carwin_8
Lair:2:   layout_gridlike, nicolae_swamp_entry_splash_gauntlet,
          minmay_stone_trees_large, st_stairs_10
Lair:3:   layout_loops_ring, nicolae_spider_entry_orb_guardian
Lair:4:   layout_regular_city
Lair:5:   hangedman_lair_in_review, layout_loops_ring, guppyfry_lair_end_dragon,
          slime_entry_2, uniq_josephine
Swamp:1:  layout_basic_swamp, hangedman_swamp_ruin_hall, swamp_pool2,
          roderic_carrion_pond, uniq_jorgrun, uniq_nikola
Swamp:2:  layout_falls_marsh, nicolae_swamp_decorative_isthmus, swamp_pool1,
          nicolae_swamp_trees_clearing, infiniplex_staircase_pool_2
Swamp:3:  layout_basic_swamp, hangedman_swamp_lotus, uniq_bai_suzhen
Swamp:4:  nzn_swamp_witches_coven, layout_basic_swamp, uniq_donald
Spider:1: layout_spider_delve, hangedman_spider_tarantella_strand
Spider:2: layout_spider_delve, spiders_nest_hornet_nest, uniq_louise
Spider:3: layout_spider_delve, uniq_asterion
Spider:4: grunt_spider_rune_island, einodemon_crawler_minivault, uniq_mara
Slime:1:  layout_caves
Slime:2:  layout_caves
Slime:3:  layout_caves, nicolae_slime_barrier
Slime:4:  layout_caves
Orc:1:    layout_diamond_mine, nicolae_shop_self_help
Orc:2:    grunt_orc_cross, layout_caves, gammafunk_ghost_necromancy
Elf:1:    eino_elf_arrival_sip, layout_rooms, portal_desolation_entry_ruin,
          hangedman_elven_crosses_minicolossus, nicolae_elf_big_sculpture_2,
          uniq_azrael
Elf:2:    nicolae_elf_blades_splatter_lattice [mumra_blade_entry_dagger],
          layout_geoelf_grid, special_room [special_room_mythical_zoo],
          serial_shops, nicolae_shop_advertising_works
          [nicolae_subvault_shop_adworks]
Elf:3:    minmay_elf_hall_hex, layout_geoelf_octagon, serial_shops,
          nicolae_shop_statue_plus, shop, shop, shop, special_room
          [special_room_mythical_zoo], grunt_ministairs_11,
          hangedman_elf_targetted_burst
Vaults:1: grunt_vaults_hallway_short, vaults_room_grid,
          ontoclasm_vaults_misaligned, ontoclasm_vaults_ligature,
          ontoclasm_vaults_misaligned, ontoclasm_vaults_gateway,
          nicolae_vaults_asterisk, hangedman_vaults_trim,
          layout_vaults_chaotic_city, serial_shops, shop_statue,
          nicolae_square_shop, nicolae_lakefront_shop, shop_coins
Vaults:2: vaults_dpeg_emergency_exit, minmay_crypt_entry_simple_sparse,
          vaults_standard_mumra_lines, vaults_dpeg_encased_lava,
          grunt_vaults_hallway_long, ontoclasm_vaults_shuriken,
          vaults_room_pool, hangedman_vaults_stitches, layout_vaults_omnigrid
Vaults:3: vaults_dpeg_ring, v_misc_15, nicolae_vaults_quartermaster, v_misc_11,
          hangedman_vaults_maws, nicolae_vaults_network_quinsquares
          [nicolae_vaults_network_quincunx_subvault,
          nicolae_vaults_network_quincunx_subvault,
          nicolae_vaults_network_quincunx_subvault,
          nicolae_vaults_network_quincunx_subvault], v_misc_30,
          ontoclasm_vaults_decontamination, layout_vaults_big_cross
Vaults:4: ontoclasm_vaults_pinch, nicolae_vaults_puzzle_piece,
          hangedman_vaults_impose, hangedman_vaults_river_flow,
          ontoclasm_vaults_tryst, dpeg_vaults_monster_box,
          nicolae_vaults_ninety_degrees, grunt_vaults_hallway_long,
          ontoclasm_vaults_eye, nicolae_vaults_little_squares_1,
          layout_vaults_omnibox
Vaults:5
Crypt:1:  gammafunk_dig_for_victory, layout_rooms, minivault_14,
          grunt_crypt_arrival_split
Crypt:2:  layout_basic, gammafunk_ghost_abyssal_escape,
          wad_floor_pattern_untrapped, ebering_dispersal_statue_hall,
          grunt_megastairs_4
Crypt:3:  church_of_pain_bobbens, layout_chaotic_city, tomb_entry_shell_bobbens,
          infiniplex_enter_wizlab_spiral
Tomb:1
Depths:1: layout_cave_shapes, marbit_kobold_abyss_entry, hangedman_decor_lopped,
          hell_entry, minmay_misc_feat_tiny,
          hellmonk_okawaru_the_only_friend_you_need, grunt_megastairs_1
Depths:2: evilmike_iron_armoury, layout_honeycomb, enter_ziggurat_d,
          lightli_too_deep, pan_entry, grunt_decor_mini_mirrors,
          kennysheep_windowed_goal, infiniplex_staircase_zigzag_2,
          minmay_shoptagon, uniq_saint_roka
Depths:3: nzn_winding_woodlands_medium [nzn_winding_woodlands_5x5_checkerboard,
          nzn_winding_woodlands_5x15_pathside_ponds,
          nzn_winding_woodlands_5x5_perimeter,
          nzn_winding_woodlands_5x5_closed_star,
          nzn_winding_woodlands_center_garden,
          nzn_winding_woodlands_5x5_default, nzn_winding_woodlands_5x5_cross,
          nzn_winding_woodlands_5x15_zeroes,
          nzn_winding_woodlands_5x5_open_star], layout_basic, bloody_trog,
          enter_trove_2, hell_entry, abyss_entry, rand_demon_pan_entry_4,
          infiniplex_staircase_split_hallway
Depths:4: grunt_zot_entry_bicorn, layout_gridlike, hell_entry, hex_intersection,
          fedhas_altar_fruit_tree
Zot:1:    kennysheep_bubbly, layout_gridlike, zot_minivault_6
Zot:2:    hangedman_snap_crack_crunch, layout_onion
Zot:3:    layout_basic, door_vault
Zot:4:    kennysheep_spiral_hall, layout_basic,
          gammafunk_ghost_berserking_beasts, grunt_megastairs_3, uniq_josephina
Zot:5:    layout_basic, ebering_ghost_reflecting_pool

Skill      XL: |  1  2  3  4  5  6  7  8  9 10 11 12 13 14 15 16 17 18 19 20 21 22 23 24 25 26 27 |
---------------+----------------------------------------------------------------------------------+-----
Dodging        | 2 4 5 9 14 | 14.0
Stealth        | 8 9 10 12 13 15 16 17 18 19 20 22 25 | 25.0
Conjurations   | 1 2 3 5 6 8 9 10 | 10.0
Axes           | 3 |  3.0
Spellcasting   | 1 3 5 6 7 8 9 10 11 12 13 14 15 17 | 17.4
Fighting       | 4 5 7 8 9 10 12 13 14 | 14.7
Poison Magic   | 6 7 |  7.0
Air Magic      | 1 4 6 |  6.0
Invocations    | 3 6 8 10 12 15 | 15.0
Shields        | 4 7 9 10 12 13 14 15 | 15.0
Short Blades   | 3 6 7 8 10 18 | 18.0
Earth Magic    | 3 5 7 8 10 12 13 15 16 | 16.0
Evocations     | 3 5 6 7 8 9 10 11 12 13 15 | 15.0
Transmutations | 4 5 12 13 15 16 | 16.0
Necromancy     | 3 7 8 10 11 12 14 18 19 | 19.0
Armour         | 5 8 9 |  9.0
Translocations | 3 |  3.0
Hexes          | 5 6 |  6.0
Ice Magic      | 5 |  5.0

Action                   |  1- 3 |  4- 6 |  7- 9 | 10-12 | 13-15 | 16-18 | 19-21 | 22-24 | 25-27 || total
-------------------------+-------+-------+-------+-------+-------+-------+-------+-------+-------++-------
Melee: Hand axe          |    52 |       |       |       |       |       |       |       |       ||    52
       Dagger            |     6 |    75 |   174 |   290 |   665 |   996 |   829 |  1750 |  2241 ||  7026
       Punch             |       |     1 |     2 |       |       |       |       |       |       ||     3
       Halberd           |       |       |       |    49 |       |       |       |       |       ||    49
       Constrict         |       |       |       |       |   122 |   185 |   132 |   158 |   174 ||   771
       Demon whip        |       |       |       |       |       |       |       |     1 |     2 ||     3
Throw: Boomerang         |       |       |    23 |    36 |    37 |    51 |    23 |    38 |    87 ||   295
       Javelin           |       |       |       |       |       |     1 |       |       |       ||     1
       Dart              |       |       |       |       |       |       |     1 |       |       ||     1
 Cast: Searing Ray       |       |     2 |    31 |    72 |     1 |     1 |     3 |     4 |       ||   114
       Mephitic Cloud    |       |       |     7 |    17 |    86 |    49 |    66 |    22 |    29 ||   276
       Stone Arrow       |       |       |       |     4 |   210 |   175 |    64 |   115 |    60 ||   628
       Sandblast         |       |       |       |       |    67 |    15 |    20 |    26 |    12 ||   140
       Passwall          |       |       |       |       |       |     2 |       |     2 |    32 ||    36
       Borgnjor's Vile C |       |       |       |       |       |       |    31 |   157 |   424 ||   612
       Lee's Rapid Decon |       |       |       |       |       |       |     1 |    15 |       ||    16
       Statue Form       |       |       |       |       |       |       |       |    66 |   118 ||   184
       Iron Shot         |       |       |       |       |       |       |       |    68 |   103 ||   171
       Yara's Violent Un |       |       |       |       |       |       |       |       |     2 ||     2
       Vhi's Electric Ch |       |       |       |       |       |       |       |       |     5 ||     5
Invok: Slouch            |       |       |       |       |       |       |       |     1 |       ||     1
 Abil: Spit Poison       |    17 |    19 |    35 |    34 |    15 |    18 |     6 |     5 |       ||   149
       Evoke Blink       |       |       |       |       |     2 |       |       |     2 |     1 ||     5
       Breathe Poison Ga |       |       |       |       |       |       |       |       |     5 ||     5
Evoke: Condenser vane    |       |       |       |       |       |     1 |     2 |     2 |     4 ||     9
       Phial of floods   |       |       |       |       |       |     1 |     1 |     1 |       ||     3
       Box of beasts     |       |       |       |       |       |       |     1 |       |       ||     1
       Wand              |       |       |       |       |       |       |     2 |     2 |    13 ||    17
       Lightning rod     |       |       |       |       |       |       |       |     3 |     2 ||     5
       Tin of tremorston |       |       |       |       |       |       |       |     2 |     1 ||     3
       Phantom mirror    |       |       |       |       |       |       |       |       |     1 ||     1
  Use: Scroll            |       |       |       |    10 |    16 |    12 |     1 |     7 |    15 ||    61
       Potion            |       |       |       |       |       |     1 |     3 |       |     9 ||    13
 Stab: Distracted        |     1 |     1 |       |     2 |     3 |     7 |     4 |     7 |     9 ||    34
       Sleeping          |     7 |    12 |    11 |     6 |    18 |    25 |    12 |    45 |    36 ||   172
       Confused          |       |       |     5 |    13 |    60 |    46 |    77 |    18 |    40 ||   259
       Held in net/web   |       |       |       |       |       |     1 |       |       |       ||     1
       Paralysed         |       |       |       |       |       |     1 |       |       |       ||     1
Armor: Leather armour    |    21 |    12 |    55 |       |       |       |       |    19 |   160 ||   267
       Robe              |       |       |    17 |   159 |   136 |   198 |   159 |   107 |       ||   776
       Skin              |       |       |       |       |    16 |       |       |   464 |   793 ||  1273
Dodge: Dodged            |    50 |    38 |   119 |   190 |   207 |   327 |   271 |   737 |  2316 ||  4255
Block: Tower shield      |       |       |       |   433 |   855 |  1482 |  1148 |  2885 |  4672 || 11475

Table legend: (Time is in decaauts)
 A = Elapsed time spent in this place.
 B = Non-inter-level travel time spent in this place.
 C = Inter-level travel time spent in this place.
 D = Time resting spent in this place.
 E = Time spent auto-exploring this place.
 F = Levels seen in this place.
 G = Mean time per level.
                   A        B        C        D        E       F      G
               +--------+--------+--------+--------+--------+-----+--------+
         Total | 167086 | 139823 |  27263 |   6535 |   7858 |  59 | 2832.0 |
       Dungeon |  37789 |  29391 |   8398 |    470 |   3834 |  15 | 2519.3 |
        Temple |    174 |    153 |     21 |      0 |    128 |   1 |  174.0 |
          Lair |  18452 |  13796 |   4656 |    475 |   1402 |   5 | 3690.4 |
         Swamp |   8551 |   7412 |   1139 |    562 |      0 |   4 | 2137.8 |
   Spider Nest |   8535 |   8176 |    359 |    393 |      0 |   4 | 2133.8 |
    Slime Pits |   4425 |   4116 |    309 |    105 |    702 |   4 | 1106.2 |
  Orcish Mines |   5076 |   4115 |    961 |    372 |    468 |   2 | 2538.0 |
   Elven Halls |   9818 |   8904 |    914 |    640 |   1243 |   3 | 3272.7 |
        Vaults |  21536 |  16925 |   4611 |    804 |      0 |   5 | 4307.2 |
         Crypt |  13875 |  11665 |   2210 |    321 |      3 |   3 | 4625.0 |
          Tomb |   1318 |   1318 |      0 |      0 |      0 |   1 | 1318.0 |
        Depths |  17469 |  14242 |   3227 |    633 |     75 |   4 | 4367.2 |
           Zot |  18063 |  17608 |    455 |   1649 |      0 |   5 | 3612.6 |
         Abyss |     96 |     96 |      0 |      0 |      0 |   1 |   96.0 |
      Ice Cave |    408 |    408 |      0 |    108 |      0 |   1 |  408.0 |
        Wizlab |   1493 |   1493 |      0 |      0 |      0 |   1 | 1493.0 |
               +--------+--------+--------+--------+--------+-----+--------+

Top non-repeatable levels by time:
 Crypt:2: 6228 daAuts
Depths:2: 5734 daAuts
   Zot:5: 5390 daAuts
 Crypt:3: 5023 daAuts
Vaults:4: 4904 daAuts
Vaults:2: 4421 daAuts
Vaults:1: 4275 daAuts
  Lair:5: 4234 daAuts
   Elf:3: 4188 daAuts
Depths:1: 4173 daAuts
     D:9: 4127 daAuts
  Lair:1: 4040 daAuts
Vaults:5: 4028 daAuts
Depths:3: 3975 daAuts
    D:14: 3907 daAuts
